Map: Stasis LE

Players

RELIQ

  • Race: Terran Terran
  • League: Platinum
  • Spawn Location: 11:00

Yocto - Winner!

  • Race: Zerg Zerg
  • Spawn Location: 1:00

VOD

Have the link to the VOD?

Description

Time

  • Played on: Dec. 10, 2018, 7:54 a.m.
  • Length: 6:06
Show
View Real Time Build Order
Export as new Build Order

RELIQ Terran 

Build Orders:  

Get SALT Encoding   

  12  0:01  SCV  
  13  0:13  SCV  
  14  0:23  Supply Depot  
  14  0:25  SCV  
  15  0:43  Supply Depot  
  15  0:46  Barracks  
  15  0:48  SCV  
  16  1:00  SCV  
  17  1:07  Refinery  
  17  1:09  Refinery  
  17  1:12  SCV  
  18  1:24  SCV  
  19  1:36  SCV  
  20  1:48  SCV  
  20  1:50  Barracks Tech Lab  
  20  1:53  Engineering Bay  
  21  2:00  SCV  
  22  2:12  SCV  
  22  2:15  Marine  
  24  2:22  Bunker  
  24  2:30  Hi-Sec Auto Tracking  
  24  2:32  Combat Shield  
  24  2:33  Marine  
  25  2:51  Marine  
  26  2:55  Missile Turret  
  26  2:58  Supply Depot  
  26  3:08  Marine  
  27  3:17  Sensor Tower  
  27  3:26  Factory  
  29  3:27  Marauder  
  29  3:34  SCV  
  30  3:52  Stimpack  
  30  4:13  Command Center  
  30  4:16  Factory Tech Lab  
  30  4:22  Starport  
  30  4:25  Neosteel Armor  
  29  4:48  Siege Tank  
  29  4:54  Marine  
  30  5:03  Orbital Command  
  30  5:11  Marine  
  24  5:29  Marine  
  28  5:40  Factory Tech Lab, Bunker  
  28  5:47  Marine  
Show
View Real Time Build Order
Export as new Build Order

Yocto Zerg - Winner!

Build Orders: Hatch First, Zergling Baneling 

Get SALT Encoding   

  12  0:01  Drone  
  13  0:19  Overlord  
  13  0:20  Drone  
  14  0:41  Drone x2  
  14  0:42  Drone  
  17  1:05  Hatchery  
  16  1:11  Drone  
  16  1:12  Drone  
  16  1:17  Extractor  
  17  1:26  Spawning Pool  
  17  1:28  Drone  
  17  1:34  Drone  
  18  1:42  Drone  
  19  1:55  Overlord  
  19  2:04  Drone  
  20  2:18  Queen  
  20  2:20  Queen  
  20  2:21  Metabolic Boost  
  24  2:29  Drone x3  
  27  2:34  Drone  
  28  2:37  Drone  
  29  2:44  Baneling Nest  
  29  2:47  Drone  
  29  2:48  Drone  
  30  2:58  Zergling x2  
  31  3:04  Queen  
  33  3:08  Zergling x2  
  33  3:09  Zergling x4  
  36  3:15  Overlord  
  36  3:29  Overlord  
  36  3:33  Spore Crawler  
  35  3:39  Spore Crawler  
  34  3:43  Zergling x2  
  34  3:44  Zergling x14  
  41  3:59  Lair  
  41  4:10  Overlord  
  41  4:11  Overlord  
  41  4:13  Zergling x6  
  44  4:28  Overlord x2  
  44  4:29  Overlord  
  44  4:32  Zergling x6  
  47  4:46  Zergling x8  
  51  4:53  Baneling x10  
  51  4:56  Zergling x2  
  52  5:19  Zergling x2  
  52  5:20  Zergling x8  
  51  5:29  Baneling x4  
  51  5:40  Drone x4  
  51  5:41  Drone x3  
  58  5:45  Extractor  
Tags
 
League
Platinum
Matchup
TvZ
Replay Pack
Yocto
Spawn Locations
Close Positions
Add a new tag
Caveats
  • Supply blocks, unpowered buildings, or Contaminate may cause inaccurate times.
  • Supply counts are checked every 10 seconds.